 Dungeon Crawl Stone Soup version 0.26.1-11-gd32895ea62 (webtiles) character file.

Game seed: 4843743651216170292

2396 Zeld the Cudgeller (level 9, -4/75 HPs)
             Began as a Grey Draconian Gladiator on June 14, 2021.
             Was a Follower of Qazlal.
             Slain by a vampire (9 damage)
             ... on level 6 of the Dungeon.
             The game lasted 00:10:25 (11657 turns).

Zeld the Cudgeller (Grey Draconian Gladiator)      Turns: 11657, Time: 00:10:26

Health: -4/75      AC: 16    Str: 20    XL:     9   Next: 22%
Magic:  9/9        EV: 14    Int:  8    God:    Qazlal [*.....]
Gold:   433        SH:  6    Dex: 13    Spells: 8/8 levels left

rFire    . . .     SeeInvis .   a - +0 flail
rCold    . . .     Faith    .   (no shield)
rNeg     . . .     Spirit   .   (armour unavailable)
rPois    .         Reflect  +   G - +1 hat
rElec    .         Harm     .   y - +0 cloak
rCorr    .         Rampage  .   (no gloves)
Will     .....                  w - +1 pair of boots
Stlth    +.........             E - amulet of reflection
HPRegen  0.22/turn              (no ring)
MPRegen  0.11/turn              (no ring)

@: no status effects
A: walk through water, unfitting armour, unbreathing, cold-blooded, AC +12
a: Renounce Religion


You were on level 6 of the Dungeon.
You worshipped Qazlal.
Qazlal was aware of your devotion.
You visited 2 branches of the dungeon, and saw 9 of its levels.

You collected 433 gold pieces.

Inventory:

Hand Weapons
 a - a +0 flail (weapon)
Missiles
 e - 155 stones (quivered)
 p - 19 poisoned darts
 u - 6 boomerangs
Armour
 w - a +1 pair of boots (worn)
 y - a +0 cloak (worn)
 G - a +1 hat (worn)
Jewellery
 i - a cursed ring of attention {unknown}
 E - an amulet of reflection (around neck)
 F - an uncursed ring of fire {unknown}
Wands
 z - a wand of iceblast (8)
Scrolls
 c - a scroll of immolation {unknown}
 d - 4 scrolls of blinking {unknown}
 f - 7 scrolls of identify {unknown}
 h - 5 scrolls of remove curse {unknown}
 k - 2 scrolls of enchant armour {unknown}
 n - 3 scrolls of teleportation {unknown}
 q - a scroll of fear {unknown}
 s - 2 scrolls of magic mapping {unknown}
 v - 3 scrolls of fog {unknown}
 D - a scroll of random uselessness {unknown}
 H - a scroll of enchant weapon {unknown}
Potions
 b - 2 potions of heal wounds {unknown}
 g - 2 potions of might {unknown}
 j - 3 potions of attraction {unknown}
 l - a potion of haste {unknown}
 m - a potion of flight {unknown}
 o - 2 potions of resistance {unknown}
 r - 3 potions of lignification {unknown}
 t - 2 potions of curing
 x - 2 potions of mutation {unknown}
 A - a potion of cancellation {unknown}
 B - a potion of ambrosia {unknown}
 C - a potion of brilliance {unknown}


   Skills:
 + Level 5.9 Fighting
 * Level 7.8 Maces & Flails
 * Level 6.8 Throwing
 + Level 5.2 Dodging


You had 8 spell levels left.
You didn't know any spells.
Your spell library contained the following spells:

 Spells                   Type           Power        Failure   Level
 Magic Dart               Conj           0%           41%         1
 Searing Ray              Conj           0%           54%         2
 Confusing Touch          Hex            0%           78%         3
 Dazzling Flash           Conj/Hex       0%           78%         3
 Gell's Gravitas          Tloc           0%           78%         3
 Fulminant Prism          Conj/Hex       0%           99%         4
 Iskenderun's Mystic Bla  Conj/Tloc      0%           99%         4
 Petrify                  Tmut/Erth      0%           99%         4
 Metabolic Englaciation   Hex/Ice        0%           100%        5
 Yara's Violent Unravell  Hex/Tmut       0%           100%        5


Dungeon Overview and Level Annotations

Branches:
Dungeon (8/15)             Temple (1/1) D:7
   Lair: D:8-11

Altars:
Ashenzari
Cheibriados
Dithmenos
Elyvilon
Gozag
Hepliaklqana
Kikubaaqudgha
Makhleb
Nemelex Xobeh
Okawaru
Qazlal
Ru
Sif Muna
Trog
Uskayaw
Wu Jian
Xom
Yredelemnul
Zin
The Shining One

Annotations:
D:7 1 exclusion


Innate Abilities, Weirdness & Mutations

You can walk through water.
Your dull iron-grey scales are very hard. (AC +12)
You cannot fit into any form of body armour.
You can survive without breathing.
You are cold-blooded and may be slowed by cold attacks.


Message History

Something bites you but does no damage.
You climb upwards.
Reactivating autopickup.
There is a stone staircase leading down here.
Unknown command.
You hear some strange, mumbled words.
Deactivating autopickup; reactivate with Ctrl-A.
You are more confused.
You're too confused to move!
Something hits you.
* * * LOW HITPOINT WARNING * * *
Something bites you.
* * * LOW HITPOINT WARNING * * *
Something draws strength from your injuries!
Something barely misses you. Something bites you!
* * * LOW HITPOINT WARNING * * *
Something draws strength from your injuries!
You feel less confused. You block something's attack. Something bites you!
You die...

#..##...##...#.....#...#
#..##...##...#.....#...#
#.......#....#.....#...#
+.......#....#.....#...#
#.......#....#.....'...#
#.......'....#.....#...#
#.......#....#.....#...#
#.......#....#.....#...#
#.......#....'..@..#...#
#'####..##...#.....#...#
.....#..##...#.....#...#
.....#.......#.....#...#
...[.#.......#..>..#...#
.....#รท>.....#.....#...#
.....#########..)..#####
###### #######


There were no monsters in sight!

Vanquished Creatures
  Grinder (D:6)
  Eustachio (D:5)
  Edmund (D:5)
  Duvessa (D:3)
  An orc warrior (D:5)
  2 phantoms
  A centaur (D:8)
  3 ogres
  Blork the orc (D:5)
  3 bullfrogs
  Dowan (D:3)
  A water moccasin zombie (D:7)
  2 scorpions
  2 howler monkeys
  A quasit (D:5)
  3 hounds
  An orc priest (D:6)
  2 jellies
  3 orc wizards
  Crazy Yiuf (D:4)
  A centaur skeleton (D:5)
  Ijyb (D:5)
  An iguana (D:4)
  4 worker ants
  A worker ant zombie (D:7)
  4 gnolls (D:3)
  8 adders
  A white imp (D:5)
  An adder zombie (D:8)
  A worm (D:2)
  3 dart slugs
  3 leopard geckos
  5 orcs
  2 ball pythons
  8 bats
  3 giant cockroaches
  6 goblins
  10 hobgoblins
  9 jackals (D:4)
  3 quokkas
  5 frilled lizards
  A jackal skeleton (D:5)
  5 kobolds
  A quokka skeleton (D:7)
  8 rats
127 creatures vanquished.

Vanquished Creatures (others)
  4 withered plants (D:5)
4 creatures vanquished.

Grand Total: 131 creatures vanquished

Notes
Turn   | Place    | Note
-------+----------+-------------------------------------------
     0 | D:1      | Zeld the Draconian Gladiator began the quest for the Orb.
     0 | D:1      | Reached XP level 1. HP: 17/17 MP: 1/1
   530 | D:1      | Reached XP level 2. HP: 20/25 MP: 2/2
  1426 | D:1      | Reached XP level 3. HP: 30/30 MP: 3/3
  1922 | D:2      | Reached XP level 4. HP: 34/37 MP: 4/4
  2919 | D:3      | Found a snail-covered altar of Cheibriados.
  2946 | D:3      | Found a shimmering altar of Xom.
  3121 | D:3      | Found a sacrificial altar of Ru.
  3198 | D:3      | Reached skill level 4 in Maces & Flails
  3618 | D:3      | Reached XP level 5. HP: 36/45 MP: 5/5
  3740 | D:3      | Found a burning altar of Makhleb.
  3884 | D:3      | Found a broken altar of Ashenzari.
  4143 | D:4      | Noticed a phantom
  4163 | D:4      | Killed a phantom
  4164 | D:4      | Reached XP level 6. HP: 42/51 MP: 6/6
  4270 | D:4      | Noticed Dowan
  4275 | D:4      | Noticed Duvessa
  5672 | D:3      | Killed Duvessa
  5676 | D:3      | Killed Dowan
  5677 | D:3      | Reached skill level 5 in Maces & Flails
  6274 | D:4      | Your scales start taking on a dull iron-grey colour.
  6274 | D:4      | Reached XP level 7. HP: 42/58 MP: 7/7
  6274 | D:4      | Gained mutation: You can survive without breathing. [Grey
                  | Draconian growth]
  6481 | D:4      | Found a runed translucent door.
  6482 | D:4      | Noticed Crazy Yiuf
  6601 | D:4      | Killed Crazy Yiuf
  6654 | D:5      | Entered Level 5 of the Dungeon
  6654 | D:5      | Noticed Ijyb
  6678 | D:5      | Killed Ijyb
  6696 | D:5      | Found a stormy altar of Qazlal.
  6705 | D:5      | Became a worshipper of Qazlal Stormbringer
  6723 | D:5      | Found an ancient bone altar of Kikubaaqudgha.
  6723 | D:5      | Noticed Eustachio
  7071 | D:5      | Killed Eustachio
  7185 | D:5      | Reached skill level 6 in Maces & Flails
  7185 | D:5      | Reached skill level 5 in Throwing
  7303 | D:5      | Noticed Blork the orc
  7590 | D:5      | Killed Blork the orc
  7591 | D:5      | Reached XP level 8. HP: 57/67 MP: 8/8
  7899 | D:5      | Noticed Edmund
  7924 | D:5      | Killed Edmund
  8123 | D:5      | Found a basalt altar of Yredelemnul.
  8232 | D:5      | Found an opulent altar of Gozag.
  8622 | D:6      | You fall into a shaft and drop 2 floors!
  8669 | D:8      | Reached skill level 5 in Fighting
  9470 | D:6      | Reached skill level 7 in Maces & Flails
  9698 | D:6      | Noticed Grinder
  9701 | D:6      | Paralysed by Grinder for 7 turns
  9716 | D:6      | Paralysed by Grinder for 6 turns
  9725 | D:6      | Killed Grinder
  9726 | D:6      | Reached skill level 5 in Dodging
  9829 | D:6      | Reached XP level 9. HP: 41/74 MP: 9/9
 10305 | D:7      | Found a staircase to the Ecumenical Temple.
 10357 | Temple   | Entered the Ecumenical Temple
 11233 | D:7      | Found a white marble altar of Elyvilon.
 11238 | D:7      | Reached * piety under Qazlal
 11260 | D:7      | Found an iron altar of Okawaru.
 11657 | D:6      | Slain by a vampire

Illustrated notes

Levels and vault maps discovered:
D:1:      scummos_arrival_forest, layout_basic
D:2:      layout_basic
D:3:      layout_rooms, lemuel_crystal_altar, nicolae_ru_the_path_less_chosen,
          lemuel_coloured_pillars_altar, cheibriados_altar_1,
          lemuel_doored_altar
D:4:      layout_rooms, chequers_serial_rivers_large_b, uniq_duvessa,
          uniq_crazy_yiuf_cottage
D:5:      layout_loops_ring, nicolae_gozag_seed_capital,
          kiku_gazebo_garden_becter, nicolae_overflow_hidden_temple,
          lemuel_crystal_altar, uniq_edmund, uniq_eustachio, uniq_ijyb,
          uniq_blork_the_orc
D:6:      layout_gridville, nrook_loot_triangle, uniq_grinder
D:7:      layout_basic, okawaru_gym_becter, kennysheep_mini,
          minmay_temple_entry_glassed_door, item_on_display_a
D:8:      layout_basic, lemuel_round_altar, uniq_joseph
Temple:   compressed_dpeg_triangle_lava_temple

Skill      XL: |  1  2  3  4  5  6  7  8 |
---------------+-------------------------+-----
Throwing       | 2 3 4 5 6 |  6.8
Dodging        | 3 4 5 |  5.2
Maces & Flails | 4 5 6 7 |  7.8
Fighting       | 3 4 5 |  5.9

Action                   |  1- 3 |  4- 6 |  7- 9 || total
-------------------------+-------+-------+-------++-------
Melee: Flail             |   100 |   196 |   356 ||   652
       Tailslap          |     9 |    28 |    49 ||    86
       Unarmed           |       |       |    10 ||    10
Throw: Throwing net      |       |     3 |     7 ||    10
Evoke: Wand              |       |     6 |     4 ||    10
 Stab: Sleeping          |     2 |       |     2 ||     4
Armor: Skin              |    34 |    72 |   170 ||   276
Dodge: Dodged            |    86 |   217 |   297 ||   600
Block: Other             |       |       |    36 ||    36
